 Dungeon Crawl Stone Soup version 0.31-a0-988-g08d55dae12 (webtiles) character file.

Game seed: 5125378880803387986

522 Descartes the Covert (level 7, -9/31 HPs)
             Began as a Felid Delver on Nov 5, 2023.
             Killed by divine providence
             ... invoked by an orc priest
              (13 damage)
             ... on level 4 of the Dungeon.
             The game lasted 00:07:03 (3099 turns).

Descartes the Covert (Felid Delver)                 Turns: 3099, Time: 00:07:04

Health: -9/31      AC:  2    Str:  8    XL:     7   Next: 2%
Magic:  8/8        EV: 20    Int: 12    God:
Gold:   194        SH:  0    Dex: 19    Spells: 3/6 levels left
                                        Lives:  0   Deaths: 3

rFire   . .          .
                       - Unarmed
rCold   . . .        (shield unavailable)
rNeg    . . .        (body armour unavailable)
rPois   +            (helmet unavailable)
rElec   .            (cloak unavailable)
rCorr   .            (gloves unavailable)
SInv    +            (boots unavailable)
Will    ++...        j - amulet of magic regeneration
Stlth   ++++         g - ring of poison resistance
HPRegen 0.25/turn    z - ring of willpower
MPRegen 0.51/turn

%: no passive effects
@: quick
A: very small, claws 1, fangs 3, see invisible, speed 1, shaggy fur 2, stealthy
paws, no weapons or thrown items, no armour, multi-lived
a: no special abilities


You were on level 4 of the Dungeon.
You visited 2 branches of the dungeon, and saw 6 of its levels.

You collected 194 gold pieces.

Inventory:

Jewellery
 g - a ring of poison resistance (left paw)
 j - an amulet of magic regeneration (around neck)
 r - a +6 ring of intelligence
 z - a ring of willpower (right paw)
Wands
 e - a wand of digging (3)
 o - a wand of flame (28)
Scrolls
 a - 2 scrolls of fog
 b - a scroll of revelation
 c - a scroll of fear
 f - a scroll of enchant armour {unknown}
 h - 2 scrolls of noise {unknown}
 k - a scroll of immolation {unknown}
 n - a scroll of blinking {unknown}
 q - 2 scrolls of vulnerability
 u - 2 scrolls of identify {unknown}
 v - 2 scrolls of enchant weapon {unknown}
 w - a scroll of acquirement {unknown}
 x - a scroll of brand weapon {unknown}
 y - a scroll of teleportation {unknown}
Potions
 d - 2 potions of haste
 i - a potion of invisibility {unknown}
 l - a potion of mutation {unknown}
 m - a potion of cancellation {unknown}
 p - a potion of brilliance
 s - a potion of attraction {unknown}
 t - 2 potions of curing {unknown}


   Skills:
 - Level 3.0 Fighting
 + Level 5.2 Dodging
 + Level 9.4 Stealth
 + Level 4.0 Unarmed Combat
 + Level 0.9 Conjurations
 + Level 0.7 Air Magic
 + Level 0.9 Poison Magic
 + Level 1.3 Shapeshifting


You had 3 spell levels left.
You knew the following spells:

 Your Spells              Type           Power      Damage    Failure   Level
a - Mephitic Cloud        Conj/Pois/Air  2%         N/A       56%         3

Your spell library contained the following spells:

 Spells                   Type           Power      Damage    Failure   Level
 Poisonous Vapours        Pois/Air       4%         N/A       34%         2
 Freezing Cloud           Conj/Ice/Air   0%         6-21      100%        5


Dungeon Overview and Level Annotations

Branches:
Dungeon (5/15)             Temple (1/1) D:5

Altars:
Dithmenos
Fedhas
Gozag
Hepliaklqana
Kikubaaqudgha
Makhleb
Nemelex Xobeh
Okawaru
Qazlal
Sif Muna
Trog
Vehumet
Wu Jian
Xom
Yredelemnul
Zin

Shops:
D:4 (

Annotations:
D:5 Dowan, Grinder


Innate Abilities, Weirdness & Mutations

You have sharp claws.
You have razor-sharp teeth.
You have supernaturally acute eyesight. (SInv)
You cover ground quickly. (Speed+)
You are covered in thick fur. (AC +2)
Your paws help you pounce on unaware monsters.
You are incapable of wielding weapons or throwing items.
You cannot wear armour.
You gain extra lives every three experience levels.


Message History

You barely miss the orc priest.
You bite the orc priest, but do no damage.
The orc priest is moderately wounded.
The orc priest calls down the wrath of Beogh upon you.
You resist with almost no effort.
You scratch the orc priest but do no damage.
The orc priest is moderately wounded.
You scratch the orc priest.
The orc priest is heavily wounded.
The orc priest barely misses you.
You scratch the orc priest but do no damage.
The orc priest is heavily wounded.
The orc priest hits you with a +0 falchion.
You completely miss the orc priest.
The orc priest is heavily wounded.
The orc priest hits you with a +0 falchion.
You closely miss the orc priest.
The orc priest is heavily wounded.
The orc priest calls down the wrath of Beogh upon you.
You resist with almost no effort.
You scratch the orc priest but do no damage.
The orc priest is heavily wounded.
The orc priest hits you with a +0 falchion!
You are too injured to fight recklessly!
You are too injured to fight recklessly!
You are too injured to fight recklessly!
You are too injured to fight recklessly!
You are too injured to fight recklessly!
You are too injured to fight recklessly!
You are too injured to fight recklessly!
You are too injured to fight recklessly!
You are too injured to fight recklessly!
You are too injured to fight recklessly!
Unknown command.
The orc priest mumbles some strange prayers to Beogh against you.
Beogh smites you!
* * * LOW HITPOINT WARNING * * *
The orc priest invokes the aid of Beogh against you.
Beogh smites you!
You die...

############.###########
.............#
###.....###### #.....#
####.....#####
.........).(>#
...#....[###.#
##.......###.#######
........@..........#
#######..###.#####.#
###### #......#.# #.#
#..†)# #.##.).#.# #.#
#.##o#####o###..#.#####.#
#.#.oo)o.o.#..........#.#
#.#..#######.#..#..##.#.#
#.# .# #....#.....#.#
#.###### ####.##..###.#


You could see an orc priest and an orc wizard (invisible).

Vanquished Creatures
  A sky beast (D:3)
  2 scorpions
  A hound (D:5)
  Jessica (D:2)
  An iguana (D:5)
  Terence (D:2)
  7 gnolls
  4 adders
  2 worms
  A dart slug (D:1)
  4 orcs
  5 ball pythons
  10 bats
  10 endoplasms
  4 giant cockroaches
  6 goblins
  9 hobgoblins
  8 jackals
  9 kobolds
  3 quokkas
  5 frilled lizards
  6 rats
100 creatures vanquished.

Vanquished Creatures (others)
  A butterfly (D:5)
1 creature vanquished.

Grand Total: 101 creatures vanquished

Notes
Turn   | Place    | Note
-------+----------+-------------------------------------------
     0 | D:5      | Descartes the Felid Delver began the quest for the Orb.
     0 | D:5      | Reached XP level 1. HP: 10/10 MP: 2/2
    65 | D:5      | Noticed an iguana
    70 | D:5      | Killed an iguana
    71 | D:5      | Reached skill level 7 in Stealth
    71 | D:5      | Reached XP level 2. HP: 14/14 MP: 3/3
    72 | D:5      | Found an iron altar of Okawaru.
   149 | D:4      | Reached XP level 3. HP: 17/17 MP: 4/4
   153 | D:4      | Found a stormy altar of Qazlal.
   153 | D:4      | Noticed a sky beast
   167 | D:4      | Reached skill level 8 in Stealth
   263 | D:5      | Noticed a scorpion
   266 | D:5      | Killed a scorpion
   267 | D:5      | Reached XP level 4. HP: 17/21 MP: 5/5
   270 | D:5      | Found a bloodstained altar of Trog.
   279 | D:5      | Noticed a scorpion
   297 | D:5      | Slain by a scorpion
   301 | D:5      | Found a staircase to the Ecumenical Temple.
   334 | D:5      | Noticed Grinder
   350 | Temple   | Entered the Ecumenical Temple
   454 | D:5      | Noticed Dowan
   454 | D:5      | Noticed a scorpion
   543 | D:5      | Found a blossoming altar of Fedhas.
   547 | D:5      | Noticed a necrophage
   548 | D:5      | Noticed a necrophage
   548 | D:5      | Noticed a necrophage
   549 | D:5      | Noticed a necrophage
   579 | D:5      | Reached XP level 5. HP: 24/24 MP: 6/6
   662 | D:2      | Noticed Jessica
   670 | D:2      | Killed Jessica
   711 | D:1      | Reached skill level 9 in Stealth
  1150 | D:1      | Found a faded altar of an unknown god.
  1510 | D:2      | Found an ancient bone altar of Kikubaaqudgha.
  1523 | D:2      | Mangled by a gnoll
  1524 | D:2      | Noticed Terence
  1528 | D:2      | Killed Terence
  1529 | D:2      | Gained mutation: You are covered in thick fur. (AC +2)
                  | [Felid growth]
  1529 | D:2      | Reached XP level 6. HP: 28/28 MP: 7/7
  1707 | D:2      | Learned a level 3 spell: Mephitic Cloud
  2180 | D:3      | Reached skill level 5 in Dodging
  2270 | D:3      | Found the +8 storm bow {elec, penet}
  2567 | D:3      | Killed a sky beast
  2568 | D:3      | Reached skill level 1 in Shapeshifting
  2652 | D:4      | Found Niryt's Antique Weapon Shoppe.
  2707 | D:4      | Found a burning altar of Makhleb.
  2857 | D:4      | Reached XP level 7. HP: 31/31 MP: 8/8
  3014 | D:4      | Slain by an orc
  3099 | D:4      | Killed from afar by an orc priest

Illustrated notes

Levels and vault maps discovered:
D:1:      nagdon_arrival_double_spiral, layout_rooms,
          hellmonk_ecumenical_altar_inner_sanctum
D:2:      layout_rooms, basic_altar, small_statue_intersection, uniq_terence,
          uniq_jessica
D:3:      layout_rooms, minmay_fractal_squares_diagonal_5
D:4:      layout_basic, nicolae_qazlal_beasts_of_the_sky,
          mainiacjoe_overflow_small_starburst, serial_shops, shop
D:5:      layout_basic, lemuel_doored_altar, mainiacjoe_overflow_24_doors,
          fedhas_altar_decomposition, nicolae_elyvilon_peaceful_grove,
          minmay_temple_entry_mini_moons, uniq_grinder, uniq_duvessa
Temple:   zaba_magenta_temple

Skill      XL: |  1  2  3  4  5  6  7 |
---------------+----------------------+-----
Stealth        | 7 8 9 |  9.4
Dodging        | 3 4 5 |  5.2
Unarmed Combat | 3 4 |  4.0
Shapeshifting  | 1 |  1.3
Fighting       | |  3.0
Conjurations   | |  0.9
Air Magic      | |  0.7
Poison Magic   | |  0.9

Action                     |  1- 3 |  4- 6 |  7- 9 || total
---------------------------+-------+-------+-------++-------
  Melee: Unarmed           |    18 |   251 |    24 ||   293
         Bite              |     3 |    26 |     2 ||    31
         Punch             |       |     6 |       ||     6
    Use: Scroll            |       |       |     1 ||     1
         Potion            |       |       |     1 ||     1
   Stab: Sleeping          |     4 |    34 |       ||    38
         Distracted        |       |     2 |       ||     2
 Armour: Skin              |     5 |    75 |     7 ||    87
  Dodge: Dodged            |     6 |   179 |    18 ||   203

Table legend: (Time is in decaauts)
 A = Elapsed time spent in this place.
 B = Non-inter-level travel time spent in this place.
 C = Inter-level travel time spent in this place.
 D = Time resting spent in this place.
 E = Time spent auto-exploring this place.
 F = Levels seen in this place.
 G = Mean time per level.
                   A        B        C        D        E       F      G
               +--------+--------+--------+--------+--------+-----+--------+
         Total |   2694 |   2606 |     88 |      2 |   1766 |   6 |  449.0 |
       Dungeon |   2693 |   2605 |     88 |      2 |   1766 |   5 |  538.6 |
        Temple |      1 |      1 |      0 |      0 |      0 |   1 |    1.0 |
               +--------+--------+--------+--------+--------+-----+--------+

Top non-repeatable levels by time:
     D:1: 817 daAuts
     D:3: 533 daAuts
     D:4: 506 daAuts
     D:5: 445 daAuts
     D:2: 390 daAuts
  Temple: 1 daAuts
